 Dungeon Crawl Stone Soup version 0.24-a0-102-g7635c99 (console) character file.

Game seed: 13257505639150361178

58 Duffy the Caller (level 4, 24/36 HPs)
             Began as a Naga Summoner on Feb 12, 2019.
             Quit the game on level 3 of the Dungeon.
             The game lasted 00:01:53 (2210 turns).

Duffy the Caller (Naga Summoner)                    Turns: 2210, Time: 00:01:53

Health: 24/36      AC:  2    Str: 11    XL:     4   Next: 2%
Magic:  5/8        EV: 10    Int: 16    God:
Gold:   31         SH:  0    Dex: 11    Spells: 0/9 levels left

rFire    . . .     SeeInvis +   b - +0 whip
rCold    . . .     Gourm    .   (no shield)
rNeg     . . .     Faith    .   a - +0 robe
rPois    +         Spirit   .   (no helmet)
rElec    .         Reflect  .   (no cloak)
rCorr    .         Harm     .   (no gloves)
MR       .....                  (no barding)
Stlth    ++........             (no amulet)
HPRegen  0.12/turn              (no ring)
MPRegen  0.11/turn              (no ring)

@: very slow
A: large, see invisible, deformed body, poison resistance, slowness 2, slow
metabolism 1, spit poison 1, AC +1
a: Spit Poison


You were on level 3 of the Dungeon.
You were not hungry.

You visited 1 branch of the dungeon, and saw 4 of its levels.

You collected 31 gold pieces.

Inventory:

Hand Weapons
 b - a +0 whip (weapon)
Armour
 a - a +0 robe (worn)
Wands
 g - a wand of flame (11)
Scrolls
 d - a scroll of amnesia {unknown}
 f - a scroll of noise {unknown}
 i - 3 scrolls of identify {unknown}
 j - a scroll of random uselessness {unknown}
Potions
 e - 2 potions of curing {unknown}
 h - a potion of heal wounds {unknown}
Comestibles
 c - 8 rations


   Skills:
 - Level 1.5 Dodging
 - Level 3.0 Stealth
 + Level 3.1 Spellcasting
 + Level 4.8 Summonings


You couldn't memorise any spells.
You knew the following spells:

 Your Spells              Type           Power        Failure   Level  Hunger
h - Call Canine Familiar  Summ           ###.....     8%          3    ###....
j - Call Imp              Summ           ###.....     4%          2    ##.....
k - Summon Small Mammal   Summ           ###.         2%          1    #......
l - Summon Guardian Gole  Hex/Summ       ##......     21%         3    ###....

Your spell library contained the following spells:

 Spells                   Type           Power        Failure   Level  Hunger
 Summon Ice Beast         Ice/Summ       ##......     56%         4    #####..
 Summon Lightning Spire   Summ/Air       ##......     56%         4    #####..


Dungeon Overview and Level Annotations

Branches:
Dungeon (4/15)
 Temple: D:4-7

Altars:
Okawaru

Annotations:
D:4 Robin


Innate Abilities, Weirdness & Mutations

You cannot wear boots.
Your serpentine skin is tough. (AC +1)
You have supernaturally acute eyesight. (SInv)
Armour fits poorly on your strangely shaped body.
Your system is resistant to poisons. (rPois)
You cover ground very slowly.
You have a slow metabolism.
You can spit poison.


Message History

Cast which spell? (? or * to list)
The goblin closely misses you. The goblin hits you.
Unknown command.
You closely miss the goblin. The goblin barely misses you. The goblin hits you.
Your hound bites the goblin.
The goblin dies!
You have reached level 4!
You feel stronger. The goblin hits you.
You closely miss the goblin. The goblin barely misses you.
You hit the goblin.
The goblin is heavily wounded.
Your hound closely misses the goblin.
The goblin hits you.
You hit the goblin.
You kill the goblin!
No target in view!
Memorise Summon Guardian Golem, consuming 3 spell levels and leaving 0?
You start memorising the spell.
You continue memorising. x3
You finish memorising.
Spell assigned to 'l'.
Are you sure you want to abandon this character and quit the game? (Confirm with "yes".)

#.#......#.... #######.#
##'#'######....####.#.....#.#
#.........#.......#.#.###.#.#
#.........# #.......#.....).#
#.........# #..##.#######.###### #
#.........# #..#................ #
#.........#.#..#....####...####.
####.........#.#.%#....# #..(# #.
.................@h....## #...# #.
####............%.......# #<..####.
####...........#....###.####..#.%..
...............#....>....#.........
#####.######......#.######..#.#.###
#.# ####......#### #..#.#.#
#.#####.....#......###..#.#.#
#.....'.................#.#.#
#######............###.##.#.#


You could see a friendly hound.

Vanquished Creatures
  Ijyb (D:3)
  An adder (D:2)
  A dart slug (D:3)
  A leopard gecko (D:1)
  An orc (D:3)
  A giant cockroach (D:2)
  4 goblins
  4 hobgoblins
  3 kobolds
  2 bats (D:1)
  A rat (D:1)
20 creatures vanquished.

Vanquished Creatures (collateral kills)
  An adder (D:2)
  A goblin (D:3)
  A kobold (D:2)
  A rat (D:3)
4 creatures vanquished.

Grand Total: 24 creatures vanquished

Notes
Turn   | Place    | Note
-------+----------+-------------------------------------------
     0 | D:1      | Duffy the Naga Summoner began the quest for the Orb.
     0 | D:1      | Reached XP level 1. HP: 15/15 MP: 3/3
   646 | D:1      | Reached XP level 2. HP: 15/22 MP: 5/5
   708 | D:1      | Learned a level 2 spell: Call Imp
   858 | D:2      | Found an iron altar of Okawaru.
  1317 | D:2      | Reached XP level 3. HP: 13/28 MP: 0/7
  1332 | D:2      | Learned a level 3 spell: Call Canine Familiar
  1741 | D:3      | Noticed Ijyb
  1764 | D:3      | Killed Ijyb
  2195 | D:4      | Noticed Robin
  2202 | D:3      | Reached XP level 4. HP: 28/36 MP: 4/8
  2210 | D:3      | Learned a level 3 spell: Summon Guardian Golem
  2210 | D:3      | Quit the game

Levels and vault maps discovered:
D:1:      minmay_arrival_shattered_statue, layout_basic, kennysheep_boxes
D:2:      layout_loops_ring, minmay_splitting_lines, dk_vineyard_3,
          okawaru_metal_pillars_3
D:3:      layout_basic, uniq_ijyb, uniq_natasha
D:4:      layout_loops_cross, minmay_temple_entry_overgrown,
          nicolae_ossuary_entry_giza, chequers_serial_rivers_small_3, uniq_robin

Skill      XL: |  1  2  3 |
---------------+----------+-----
Spellcasting   | 3 |  3.1
Dodging        | |  1.5
Stealth        | |  3.0
Summonings     | |  4.8

Action                   |  1- 3 |  4- 6 || total
-------------------------+-------+-------++-------
Melee: Whip              |    62 |     3 ||    65
 Cast: Call Imp          |     4 |       ||     4
       Summon Small Mamm |     1 |       ||     1
       Call Canine Famil |     3 |       ||     3
 Abil: Spit Poison       |     8 |       ||     8
 Stab: Sleeping          |     2 |       ||     2
  Eat: Chunk             |     3 |       ||     3
Armor: Robe              |    15 |       ||    15
Dodge: Dodged            |    52 |     1 ||    53

Table legend:
 A = Non-vault XP
 B = Vault XP
 C = Vault XP percentage of total XP
 D = Non-vault monster count
 E = Vault monster count
 F = Vault count percentage of total count
                 A         B        C        D         E       F
            +---------+---------+-------+---------+---------+-------
      Total |      55 |      29 |  34.5 |      21 |       3 |  12.5
            +---------+---------+-------+---------+---------+-------
        D:1 |      16 |       0 |   0.0 |       9 |       0 |   0.0
        D:2 |      29 |       0 |   0.0 |       8 |       0 |   0.0
        D:3 |      10 |      29 |  74.4 |       4 |       3 |  42.9
            +---------+---------+-------+---------+---------+-------
